 Dungeon Crawl Stone Soup version 0.22.1-1-ga44c0e5 (webtiles) character file.

251 MagicFarmer the Conjurer (level 5, -8/28 HPs)
             Began as a Deep Elf Conjurer on Oct 29, 2018.
             Shot with an arrow by a centaur (11 damage)
             ... on level 5 of the Dungeon.
             The game lasted 01:16:08 (5831 turns).

MagicFarmer the Conjurer (Deep Elf Conjurer)        Turns: 5831, Time: 01:16:08

Health: -8/28      AC:  6    Str:  4 (6)  XL:     5   Next: 88%
Magic:  14/14      EV: 27    Int: 19 (20) God:
Gold:   193        SH:  0    Dex: 16 (18) Spells: 7/14 levels left

rFire    . . .     SeeInvis .   f - +0 dagger
rCold    . . .     Gourm    .   (no shield)
rNeg     . . .     Faith    .   b - +3 leather armour
rPois    .         Spirit   .   (no helmet)
rElec    .         Reflect  .   (no cloak)
rCorr    .         Harm     .   (no gloves)
MR       .....                  (no boots)
Stlth    ++........             e - amulet of the acrobat
HPRegen  0.09/turn              k - +3 ring of dexterity
MPRegen  0.14/turn              (no ring)

@: no status effects
A: no striking features
a: no special abilities


You were on level 5 of the Dungeon.
You were not hungry.

You visited 1 branch of the dungeon, and saw 5 of its levels.

You collected 193 gold pieces.

Inventory:

Hand Weapons
 f - a +0 dagger (weapon)
Missiles
 d - 255 stones (quivered)
Armour
 a - a +2 robe
 b - a +3 leather armour (worn)
 j - a +0 robe
Jewellery
 e - an amulet of the acrobat (around neck)
 k - a +3 ring of dexterity (left hand)
Wands
 i - a wand of iceblast (6)
Scrolls
 g - 3 scrolls of identify
 h - 2 scrolls of remove curse
Potions
 l - 2 potions of resistance
 m - a potion of curing {unknown}
 n - 2 potions of heal wounds
Comestibles
 c - 4 rations
 o - a chunk of flesh


   Skills:
 + Level 0.1 Fighting
 + Level 2.9 Dodging
 + Level 3.0 Stealth
 + Level 5.4 Spellcasting
 * Level 6.5 Conjurations


You had 7 spell levels left.
You knew the following spells:

 Your Spells              Type           Power        Failure   Level  Hunger
a - Magic Dart            Conj           ####         1%          1    None
b - Searing Ray           Conj           ####..       2%          2    None
c - Iskenderun's Mystic   Conj           ####....     14%         4    ####...

Your spell library contained the following spells:

 Spells                   Type           Power        Failure   Level  Hunger
 Dazzling Spray           Conj/Hex       ###...       17%         3    ##.....
 Confusing Touch          Hex            #.....       22%         1    None
 Force Lance              Conj/Tloc      ###.....     50%         4    ####...
 Fulminant Prism          Conj/Hex       ###.......   50%         4    ####...
 Confuse                  Hex            #.......     54%         3    ##.....
 Gell's Gravitas          Tloc           #.........   54%         3    ##.....
 Petrify                  Tmut/Erth      #.......     91%         4    ####...
 Metabolic Englaciation   Hex/Ice        #.........   99%         5    #####..
 Yara's Violent Unravell  Hex/Tmut       #.........   99%         5    #####..


Dungeon Overview and Level Annotations

Branches:
Dungeon (5/15)
 Temple: D:4-7

Altars:
Elyvilon
Hepliaklqana
Qazlal
Ru
The Shining One

Shops:
D:4 [


Message History

The magic dart hits the centaur.
The centaur is moderately wounded.
The centaur shoots an arrow.
The arrow hits you!
The centaur shoots an arrow.
The arrow closely misses you.
The centaur shoots an arrow.
The arrow completely misses you.
You see here an arrow.
The centaur shoots an arrow.
The arrow completely misses you.
You see here 5 arrows.
The centaur shoots an arrow.
The arrow hits you!
* * * LOW HITPOINT WARNING * * *
You see here an arrow.
The centaur shoots an arrow.
The arrow completely misses you.
You see here an arrow.
The centaur shoots an arrow.
The arrow closely misses you.
You see here an arrow.
The centaur shoots an arrow.
The arrow closely misses you.
You see here an arrow.
The centaur shoots an arrow.
The arrow completely misses you.
The centaur shoots an arrow.
The arrow hits you!
You die...

#.#.#
#.#.#
#.#.#
#.#.#
#.#.#
#.#(#
#.#c#
#.#(#
#@#.#
#.#(#
#.#.#
#.#(#
#.#.#
#.c(#
#####


You could see a centaur.

Vanquished Creatures
  A hound (D:4)
  Jessica (D:2)
  Ijyb (D:3)
  3 worker ants
  A howler monkey skeleton (D:4)
  An adder (D:2)
  4 worms
  4 dart slugs
  A leopard gecko (D:4)
  An orc (D:4)
  8 bats
  A giant cockroach (D:1)
  9 goblins
  6 hobgoblins
  3 quokkas
  A ball python (D:1)
  4 frilled lizards
  7 kobolds
  9 rats
66 creatures vanquished.

Notes
Turn   | Place    | Note
-------+----------+-------------------------------------------
     0 | D:1      | MagicFarmer the Deep Elf Conjurer began the quest for the
                  | Orb.
     0 | D:1      | Reached XP level 1. HP: 10/10 MP: 6/6
   359 | D:1      | Reached XP level 2. HP: 15/15 MP: 5/8
   373 | D:1      | Learned a level 2 spell: Searing Ray
   749 | D:1      | Reached skill level 5 in Conjurations
  1470 | D:2      | Reached XP level 3. HP: 19/19 MP: 6/9
  1581 | D:2      | Found a stormy altar of Qazlal.
  1669 | D:2      | Noticed Jessica
  1742 | D:2      | Killed Jessica
  1742 | D:2      | Reached XP level 4. HP: 24/24 MP: 5/11
  1809 | D:2      | Learned a level 4 spell: Iskenderun's Mystic Blast
  2828 | D:2      | Reached skill level 6 in Conjurations
  3035 | D:2      | Found a glowing golden altar of the Shining One.
  3368 | D:3      | Found a sacrificial altar of Ru.
  4372 | D:3      | Noticed Ijyb
  4374 | D:3      | Killed Ijyb
  4374 | D:3      | Reached XP level 5. HP: 28/28 MP: 4/13
  5068 | D:4      | Found a white marble altar of Elyvilon.
  5411 | D:4      | Found Vemops's Antique Armour Shoppe.
  5490 | D:4      | Found a hazy altar of Hepliaklqana.
  5533 | D:4      | Reached skill level 5 in Spellcasting
  5781 | D:5      | Entered Level 5 of the Dungeon
  5812 | D:5      | Noticed a centaur
  5831 | D:5      | Shot with an arrow by a centaur

Skill      XL: |  1  2  3  4  5 |
---------------+----------------+-----
Conjurations   | 5 6 |  6.5
Spellcasting   | 4 5 |  5.4
Stealth        | 3 |  3.0
Fighting       | |  0.1
Dodging        | |  2.9

Action                   |  1- 3 |  4- 6 || total
-------------------------+-------+-------++-------
Melee: Dagger            |     8 |       ||     8
 Cast: Magic Dart        |    33 |    54 ||    87
       Searing Ray       |     9 |    16 ||    25
       Iskenderun's Myst |       |    10 ||    10
  Use: Scroll            |     7 |     2 ||     9
       Potion            |       |     6 ||     6
  Eat: Chunk             |     3 |     5 ||     8
       Ration            |       |     3 ||     3
Armor: Robe              |     7 |       ||     7
       Leather armour    |       |     2 ||     2
Dodge: Dodged            |    16 |    19 ||    35
